 Dungeon Crawl Stone Soup version 0.28-a0-862-g58c29a6370 (webtiles) character file.

Game seed: 13953048036177827431

84641 Htamos the Slayer (level 15, 0/193 HPs)
             Began as an Ogre Berserker on Nov 16, 2021.
             Was a High Priest of Trog.
             Slain by a tarantella (8 damage)
             ... on level 1 of the Spider Nest.
             The game lasted 00:56:11 (24922 turns).

Htamos the Slayer (Ogre Berserker)                 Turns: 24922, Time: 00:56:12

Health: 0/193      AC:  8    Str: 28 (30) XL:     15   Next: 81%
Magic:  15/15      EV: 15    Int:  2 (3)  God:    Trog [*****.]
Gold:   1564       SH:  0    Dex: 18 (21) Spells: 14/14 levels left

rFire   . . .      SeeInvis .     - Unarmed
rCold   . . .      Faith    +   m - +2 kite shield {reflect}
rNeg    . . .      Spirit   .   v - +2 robe of Oceotit {rPois Regen+}
rPois   +          Reflect  +   (helmet restricted)
rElec   .          Harm     .   x - +1 cloak
rCorr   +          Rampage  .   (gloves unavailable)
Will    +....                   (boots unavailable)
Stlth   +.........              u - amulet of faith
HPRegen 1.42/turn               o - ring "Uwkuipni" {rCorr Str+5}
MPRegen 0.14/turn               e - ring "Kain Lov" {rPois Int-5 Dex+6 Slay+3}

@: confused, mighty
A: large, unfitting armour, tough skin 1, agile 1, deterioration 1
a: Renounce Religion, Berserk, Trog's Hand, Brothers in Arms


You were on level 1 of the Spider Nest.
You worshipped Trog.
Trog was extremely pleased with you.
You visited 4 branches of the dungeon, and saw 20 of its levels.

You collected 2537 gold pieces.
You spent 973 gold pieces at shops.

Inventory:

Hand Weapons
 i - a +0 short sword of speed
 B - the +6 hand axe of Eternal Harmony {pain, rF+ Str+10}
   (You found it on level 1 of the Lair of Beasts)

   In the hands of one skilled in necromantic magic, it inflicts extra damage on
   living creatures.
   Str:       It affects your strength (+10).
   rF:        It protects you from fire.
   Trog disapproves of the use of such an item.
 J - a +6 eveningstar of venom
 K - a +1 giant spiked club of venom
Missiles
 b - 503 stones (quivered)
 E - 4 throwing nets
Armour
 m - a +2 kite shield of reflection (worn)
 n - a +2 robe of the Archmagi
 v - the +2 robe of Oceotit (worn) {rPois Regen+}
   (You bought it in a shop on level 2 of the Orcish Mines)

   rPois:     It protects you from poison.
   Regen:     It increases your rate of health regeneration.
 x - a +1 cloak (worn)
 L - +0 steam dragon scales
 S - +0 swamp dragon scales
Jewellery
 c - an amulet of guardian spirit
 e - the ring "Kain Lov" (right hand) {rPois Int-5 Dex+6 Slay+3}
   (You acquired it on level 2 of the Dungeon)

   [ring of dexterity]

   Int:       It affects your intelligence (-5).
   Dex:       It affects your dexterity (+6).
   Slay:      It affects your accuracy & damage with ranged weapons and melee
   (+3).
   rPois:     It protects you from poison.
 l - an amulet of magic regeneration
 o - the ring "Uwkuipni" (left hand) {rCorr Str+5}
   (You acquired it on level 2 of the Dungeon)

   [ring of resist corrosion]

   Str:       It affects your strength (+5).
   rCorr:     It protects you from acid and corrosion.
 q - a +6 ring of strength
 u - an amulet of faith (around neck)
 N - the ring "Warazuj" {rF+ rN+ Stlth+}
   (You found it on level 1 of the Spider Nest)

   [ring of positive energy]

   rF:        It protects you from fire.
   rN:        It protects you from negative energy.
   Stlth:     It makes you more stealthy.
 R - a +6 ring of dexterity
 V - a ring of fire
Wands
 k - a wand of iceblast (14)
 p - a wand of polymorph (19)
 w - a wand of charming (6)
 y - a wand of acid (9)
 P - a wand of flame (49)
 U - a wand of digging (3)
 X - a wand of paralysis (6)
Scrolls
 d - 3 scrolls of enchant armour
 f - 5 scrolls of teleportation
 g - 8 scrolls of enchant weapon
 j - 3 scrolls of amnesia {unknown}
 r - 2 scrolls of silence
 t - 3 scrolls of vulnerability {unknown}
 z - a scroll of fear
 A - 2 scrolls of holy word
 C - 4 scrolls of immolation {unknown}
 M - 2 scrolls of noise {unknown}
 O - 2 scrolls of torment {unknown}
 Q - 6 scrolls of magic mapping {unknown}
 W - 4 scrolls of fog
Potions
 h - 5 potions of lignification
 s - a potion of flight
 D - 2 potions of degeneration
 F - a potion of cancellation {unknown}
 G - a potion of might
 H - 2 potions of berserk rage
 I - 4 potions of ambrosia
Miscellaneous
 Y - a condenser vane


   Skills:
 * Level 23.0 Fighting
 + Level 8.1 Armour
 + Level 11.0 Dodging
 + Level 5.9 Shields
 * Level 16.1 Unarmed Combat
 + Level 4.5 Evocations


You had 14 spell levels left.
You didn't know any spells.
Your spell library was empty.

Dungeon Overview and Level Annotations

Branches:
Dungeon (10/15)            Temple (0/1) D:7            Lair (6/6) D:9
 Shoals (0/4) Lair:3       Spider (2/4) Lair:4        Slime (0/5) Lair:6
    Orc (2/2) D:10            Elf (0/3) Orc:2

Altars:
Elyvilon
Makhleb
Wu Jian
Xom
Yredelemnul
Zin
Beogh
Jiyva

Shops:
D:1 [   D:2 *   D:10 [   Orc:2 *??[

Portals:
Hell: Lair:6


Innate Abilities, Weirdness & Mutations

You are too large for most types of armour.
You have tough skin. (AC +1)
You are agile. (Dex +2)
Your body sometimes deteriorates upon taking damage.


Message History

* * * LOW HITPOINT WARNING * * *
You are more confused.
The tarantella misses you.
The redback bites you but does no damage. x2
The tarantella touches you!
* * * LOW HITPOINT WARNING * * *
Unknown command.
Unknown command.
Unknown command.
You are too confused!
Unknown command.
Unknown command.
Unknown command.
You pummel the redback!!
You kill the redback!
Trog accepts your kill.
The tarantella barely misses you. x2; The redback closely misses you.
The tarantella touches you but does no damage.
The tarantella misses you. The tarantella closely misses you.
You punch the tarantella!
The tarantella is heavily wounded.
The redback barely misses you. The tarantella touches you!
* * * LOW HITPOINT WARNING * * *
The tarantella misses you. The tarantella touches you.
* * * LOW HITPOINT WARNING * * *
Unknown command.
Unknown command.
You punch the tarantella!
The tarantella is almost dead.
The redback bites you but does no damage.
The tarantella misses you. The tarantella closely misses you.
The tarantella misses you. The redback bites you.
* * * LOW HITPOINT WARNING * * *
Unknown command.
Unknown command.
Unknown command.
You punch the redback!
The redback is heavily wounded.
The tarantella closely misses you. The tarantella touches you!
You die...

...#..........#.....###
[#....#........#...^.#
....#....#..#........#
##..#.......#.#...#..#
....#..[...#......#..##
.#^..#....)...>....#..##
....#..##....##........##
..#..##...#....ss#..#...##
.)#......#.....s@#..^....#
^##......#.##..s#..#.##..###
.....##....................##
^...###...#..##........#....#
#######(..#.....##..#....#..#
#....#....#....#...#^#.##
##^####...#........#....# ###
##....#.#....#....#
##.........#...####


You could see 3 tarantellas and a redback.

Vanquished Creatures
  Kirke (Lair:4)
  The ghost of tensugalgo the Spear-Bearer, a journeyman OgCK of Xom (Lair:2)
  An entropy weaver (Spider:1)
  Harold (D:8)
  3 boulder beetles
  A catoblepas (Lair:6)
  8 hydras
  Erica (Orc:1)
  2 two-headed ogres
  7 death yaks
  5 orc high priests (Orc:2)
  Urug (Lair:2)
  A sixfirhy (Lair:6)
  A wizard (Lair:6)
  5 orc knights
  2 lindwurms (Lair:1)
  Pikel (D:3)
  10 wolf spiders
  3 orc sorcerers
  2 orb spiders (Spider:2)
  A cyclops (Orc:2)
  15 elephants
  8 black mambas
  A merfolk siren (Lair:3)
  A molten gargoyle (Lair:5)
  Joseph (D:8)
  Maurice (D:8)
  A torpor snail (Spider:1)
  A smoke demon (Lair:6)
  12 cane toads
  2 orange demons (Lair:6)
  8 komodo dragons
  5 rime drakes
  2 demonic crawlers (Spider:1)
  2 ice devils (Lair:6)
  A kobold demonologist (D:10)
  Maggie (D:8)
  A red devil (Lair:6)
  3 jumping spiders (Spider:1)
  2 polar bears
  2 trolls
  3 merfolk (Lair:3)
  2 hornets
  9 dream sheep (Lair:5)
  18 blink frogs
  Sigmund (D:2)
  17 redbacks
  A wyvern (Lair:6)
  A wraith (D:7)
  6 tarantellas (Spider:1)
  39 yaks
  3 hogs (Lair:4)
  12 basilisks
  A fire elemental (Lair:5)
  3 steam dragons
  4 fire bats (Lair:5)
  5 wargs
  14 water moccasins
  4 hell hounds (Lair:6)
  30 orc warriors
  5 ice beasts
  A necrophage (D:6)
  2 black bears
  5 ogres
  19 wolves
  4 centaurs
  2 phantoms
  Blork the orc (D:5)
  3 kobold brigands
  2 lemures (D:5)
  3 gnoll sergeants
  9 bullfrogs
  3 scorpions
  A water moccasin skeleton (D:4)
  4 killer bees (D:7)
  5 wights (D:6)
  A howler monkey (D:9)
  A lava snake (Lair:5)
  2 electric eels
  A bullfrog zombie (D:6)
  2 centaur zombies
  A gnoll shaman (D:6)
  A bullfrog skeleton (D:6)
  A centaur skeleton (D:7)
  Crazy Yiuf (D:4)
  18 orc priests
  3 hounds
  Ijyb (D:4)
  An iguana (D:7)
  14 orc wizards
  Natasha (thrice) (D:2)
  An ogre zombie (D:6)
  A centaur simulacrum (D:9)
  A hound skeleton (D:5)
  3 howler monkey zombies
  Robin (D:4)
  20 gnolls
  11 adders
  2 gnoll zombies (D:6)
  A howler monkey simulacrum (D:9)
  2 white imps (D:9)
  2 adder skeletons
  An adder zombie (D:5)
  A worm (D:3)
  4 dart slugs
  45 orcs
  6 endoplasms
  4 giant cockroaches
  13 goblins
  12 hobgoblins
  6 jackals
  22 kobolds
  2 quokkas
  7 ball pythons
  5 bats
  3 frilled lizards
  5 rats
602 creatures vanquished.

Vanquished Creatures (collateral kills)
  A hydra (Lair:3)
  2 orc knights (Orc:2)
  2 elephants (Lair:5)
  4 blink frogs (Lair:3)
  A warg (Orc:2)
  7 orc warriors
  An ogre (Orc:2)
  5 orc priests (Orc:2)
  An orc wizard (Orc:2)
  11 orcs
35 creatures vanquished.

Vanquished Creatures (others)
  A bush (Lair:3)
  22 fungi
  40 plants
63 creatures vanquished.

Grand Total: 700 creatures vanquished

Notes
Turn   | Place    | Note
-------+----------+-------------------------------------------
     0 | D:1      | Htamos the Ogre Berserker began the quest for the Orb.
     0 | D:1      | Reached XP level 1. HP: 24/24 MP: 1/1
   151 | D:1      | Reached XP level 2. HP: 23/33 MP: 2/2
   458 | D:1      | Found Nory's Armour Shoppe.
   913 | D:2      | Reached XP level 3. HP: 28/41 MP: 3/3
  1157 | D:2      | Reached skill level 5 in Fighting
  1446 | D:2      | Reached XP level 4. HP: 22/50 MP: 4/4
  1446 | D:2      | Found Qyudocy's Assorted Antiques.
  1760 | D:2      | Bought a scroll labelled ELIRCH KARIPS for 21 gold pieces
  1760 | D:2      | Bought a fuming clear potion for 18 gold pieces
  1762 | D:2      | Identified 3 scrolls of acquirement
  1762 | D:2      | Acquired a manual of Fighting
  1766 | D:2      | Acquired the ring "Uwkuipni" {rCorr Str+5}
  1770 | D:2      | Acquired the ring "Kain Lov" {rPois Int-5 Dex+6 Slay+3}
  1809 | D:2      | Found a faded altar of an unknown god.
  1863 | D:2      | Noticed Sigmund
  1864 | D:2      | Noticed Natasha
  1869 | D:2      | Killed Sigmund
  1870 | D:2      | Reached skill level 7 in Fighting
  1870 | D:2      | Reached XP level 5. HP: 63/63 MP: 2/5
  1870 | D:2      | Reached XP level 6. HP: 72/72 MP: 2/6
  1874 | D:2      | Killed Natasha
  1875 | D:2      | Reached skill level 8 in Fighting
  2000 | D:2      | You fall into a shaft and drop 1 floor!
  2006 | D:3      | Reached ** piety under Trog
  2295 | D:2      | Noticed Natasha
  2304 | D:2      | Killed Natasha
  2412 | D:2      | Noticed Natasha
  2421 | D:2      | Killed Natasha
  2920 | D:4      | Found a runed translucent door.
  2921 | D:4      | Noticed Crazy Yiuf
  2939 | D:4      | Reached skill level 9 in Fighting
  2941 | D:4      | Noticed Robin
  2963 | D:4      | Killed Robin
  2964 | D:4      | Reached *** piety under Trog
  2984 | D:4      | Killed Crazy Yiuf
  2985 | D:4      | Reached XP level 7. HP: 70/83 MP: 7/7
  3325 | D:4      | Acquired a manual of Unarmed Combat
  3382 | D:4      | Noticed Pikel
  3416 | D:4      | Gained mutation: Your muscles are strong. (Str +2) [potion
                  | of mutation]
  3416 | D:4      | Gained mutation: You sometimes lose the ability to read
                  | scrolls when taking damage. [potion of mutation]
  3416 | D:4      | Gained mutation: Your flesh is cold resistant. (rC+)
                  | [potion of mutation]
  3431 | D:4      | Noticed Ijyb
  3433 | D:5      | Entered Level 5 of the Dungeon
  3436 | D:5      | HP: 2/84 [lemure[Pikel] (5)]
  3854 | D:3      | Killed Pikel
  3855 | D:3      | Reached skill level 11 in Fighting
  3855 | D:3      | Reached skill level 5 in Unarmed Combat
  3855 | D:3      | Reached XP level 8. HP: 69/98 MP: 8/8
  3941 | D:4      | Killed Ijyb
  3942 | D:4      | Reached skill level 12 in Fighting
  4025 | D:4      | Reached skill level 5 in Dodging
  4322 | D:4      | Reached **** piety under Trog
  4544 | D:5      | Reached skill level 13 in Fighting
  4998 | D:5      | Noticed Blork the orc
  5014 | D:5      | Killed Blork the orc
  5418 | D:6      | Reached skill level 14 in Fighting
  5426 | D:6      | Found a transporter.
  5498 | D:6      | Reached XP level 9. HP: 106/113 MP: 9/9
  5746 | D:6      | Found an ornate altar of the Wu Jian Council.
  5799 | D:6      | Found a transporter.
  6004 | D:6      | Reached skill level 15 in Fighting
  7065 | D:7      | Found a staircase to the Ecumenical Temple.
  7168 | D:7      | Reached skill level 16 in Fighting
  7168 | D:7      | Reached skill level 1 in Armour
  7591 | D:7      | Reached XP level 10. HP: 127/128 MP: 10/10
  7662 | D:7      | Found a white marble altar of Elyvilon.
  7768 | D:7      | Found a glowing silver altar of Zin.
  7784 | D:7      | Found a shimmering altar of Xom.
  7827 | D:7      | Found a basalt altar of Yredelemnul.
  7840 | D:7      | Reached ***** piety under Trog
  8291 | D:8      | Reached skill level 17 in Fighting
  8291 | D:8      | Reached skill level 10 in Unarmed Combat
  8366 | D:8      | Noticed Maggie
  8378 | D:8      | Killed Maggie
  8498 | D:8      | Noticed Maurice
  8527 | D:8      | Killed Maurice
  9239 | D:8      | Noticed Harold
  9246 | D:8      | Killed Harold
  9669 | D:8      | Noticed a two-headed ogre
  9675 | D:8      | Killed a two-headed ogre
  9908 | D:8      | Noticed Joseph
  9915 | D:8      | Killed Joseph
 10591 | D:9      | Received a gift from Trog
 10690 | D:9      | Noticed a two-headed ogre
 10699 | D:9      | Killed a two-headed ogre
 10700 | D:9      | Reached skill level 18 in Fighting
 10700 | D:9      | Reached XP level 11. HP: 89/141 MP: 11/11
 11725 | D:9      | Found a staircase to the Lair.
 11997 | D:10     | Entered Level 10 of the Dungeon
 12170 | D:10     | Found a transporter.
 12170 | D:10     | Found a transporter.
 12170 | D:10     | Noticed a boulder beetle
 12193 | D:10     | Killed a boulder beetle
 12348 | D:10     | Found a staircase to the Orcish Mines.
 12461 | D:10     | Found Faorabru's Armour Shop.
 12496 | Orc:1    | Entered Level 1 of the Orcish Mines
 12503 | Orc:1    | Noticed an orc sorcerer
 12513 | Orc:1    | Killed an orc sorcerer
 12913 | Orc:2    | Entered Level 2 of the Orcish Mines
 12913 | Orc:2    | Noticed an orc knight
 12922 | Orc:2    | Noticed an orc sorcerer
 12924 | Orc:2    | Noticed an orc knight
 12927 | Orc:2    | Killed an orc knight
 13144 | Orc:1    | Killed an orc knight
 13248 | Orc:1    | Received a gift from Trog
 13551 | Orc:1    | Reached skill level 19 in Fighting
 13655 | Orc:2    | Killed an orc sorcerer
 13656 | Orc:2    | Reached XP level 12. HP: 137/154 MP: 12/12
 14097 | Orc:2    | Noticed an orc high priest
 14106 | Orc:2    | Killed an orc high priest
 14112 | Orc:2    | Reached skill level 5 in Armour
 14146 | Orc:1    | Noticed Erica
 14170 | Orc:1    | Lost mutation: You sometimes lose the ability to read
                  | scrolls when taking damage. [potion of mutation]
 14170 | Orc:1    | Lost mutation: Your flesh is cold resistant. (rC+) [potion
                  | of mutation]
 14170 | Orc:1    | Lost mutation: Your muscles are strong. (Str +2) [potion of
                  | mutation]
 14170 | Orc:1    | Gained mutation: You are frail. (-10% HP) [potion of
                  | mutation]
 14170 | Orc:1    | Gained mutation: You sometimes lose the ability to read
                  | scrolls when taking damage. [potion of mutation]
 14170 | Orc:1    | Gained mutation: You are partially covered in iridescent
                  | scales. (AC +2) [potion of mutation]
 14171 | Orc:1    | Lost mutation: You are frail. (-10% HP) [potion of
                  | mutation]
 14171 | Orc:1    | Lost mutation: You are partially covered in iridescent
                  | scales. (AC +2) [potion of mutation]
 14171 | Orc:1    | Lost mutation: You sometimes lose the ability to read
                  | scrolls when taking damage. [potion of mutation]
 14171 | Orc:1    | Gained mutation: Your body sometimes deteriorates upon
                  | taking damage. [potion of mutation]
 15370 | Orc:2    | Noticed an orc high priest
 15374 | Orc:2    | Noticed an orc high priest
 15377 | Orc:2    | Noticed an orc high priest
 15377 | Orc:2    | Noticed an orc high priest
 15380 | Orc:2    | Noticed a soul eater
 15381 | Orc:2    | Noticed a sun demon
 15655 | Orc:2    | Found a staircase to the Elven Halls.
 16032 | Orc:2    | Killed an orc high priest
 16076 | Orc:2    | Killed an orc high priest
 16077 | Orc:2    | Reached skill level 20 in Fighting
 16253 | Orc:2    | Killed an orc high priest
 16359 | Orc:2    | Lost intelligence.
 16369 | Orc:2    | Killed an orc high priest
 16370 | Orc:2    | Reached XP level 13. HP: 27/165 MP: 13/13
 16682 | Orc:2    | Found Xitigyg's Armour Boutique.
 16682 | Orc:2    | Found Eprenuec's Magic Scroll Boutique.
 16683 | Orc:2    | Found Xaqo's Magic Scroll Shop.
 16683 | Orc:2    | Found Fupri's Assorted Antiques.
 16698 | Orc:2    | Bought a +2 kite shield of reflection for 296 gold pieces
 16698 | Orc:2    | Bought the +2 robe of Oceotit {rPois Regen+} for 350 gold
                  | pieces
 16722 | Orc:2    | Bought a scroll of blinking for 120 gold pieces
 16722 | Orc:2    | Bought a scroll of teleportation for 48 gold pieces
 16722 | Orc:2    | Bought a scroll of enchant armour for 120 gold pieces
 16960 | Orc:1    | Killed Erica
 17216 | Lair:1   | Entered Level 1 of the Lair of Beasts
 17223 | D:9      | Reached skill level 1 in Shields
 17739 | Lair:1   | Identified the +6 hand axe of Eternal Harmony {pain, rF+
                  | Str+10}
 18253 | Lair:2   | Noticed Urug
 18263 | Lair:2   | Killed Urug
 18983 | Lair:2   | Found a runed translucent gate.
 18983 | Lair:2   | Found a runed translucent gate.
 18984 | Lair:2   | Found a runed translucent gate.
 18987 | Lair:2   | Noticed tensugalgo's ghost (journeyman OgCK)
 19007 | Lair:2   | Killed tensugalgo's ghost
 19055 | Lair:3   | Received a gift from Trog
 19056 | Lair:3   | Reached skill level 21 in Fighting
 19263 | Lair:3   | Reached skill level 1 in Evocations
 19443 | Lair:3   | Reached XP level 14. HP: 179/179 MP: 14/14
 19477 | Lair:3   | Found a staircase to the Shoals.
 19651 | Lair:3   | Found a shimmering altar of Xom.
 19667 | Lair:3   | Reached skill level 10 in Dodging
 20039 | Lair:4   | Noticed Kirke
 20051 | Lair:4   | Noticed a sphinx
 20222 | Lair:4   | Killed Kirke
 20433 | Lair:4   | Reached skill level 15 in Unarmed Combat
 20555 | Lair:4   | Found a hole to the Spider Nest.
 21591 | Lair:5   | Reached skill level 22 in Fighting
 22223 | Lair:6   | Entered Level 6 of the Lair of Beasts
 22304 | Lair:6   | Reached XP level 15. HP: 189/189 MP: 15/15
 22370 | Lair:6   | Reached skill level 5 in Shields
 23162 | Lair:6   | Found a burning altar of Makhleb.
 23203 | Lair:6   | Found a gateway to Hell.
 23479 | Lair:6   | Received a gift from Trog
 23608 | Lair:6   | Found a viscous altar of Jiyva.
 23609 | Lair:6   | Found a staircase to the Slime Pits.
 23621 | Lair:6   | Lost mutation: Your body sometimes deteriorates upon taking
                  | damage. [potion of mutation]
 23621 | Lair:6   | Gained mutation: You are agile. (Dex +2) [potion of
                  | mutation]
 23621 | Lair:6   | Gained mutation: Your body sometimes deteriorates upon
                  | taking damage. [potion of mutation]
 23779 | Spider:1 | Entered Level 1 of the Spider Nest
 23920 | Spider:1 | Identified the ring "Warazuj" {rF+ rN+ Stlth+}
 24798 | Spider:2 | Reached skill level 23 in Fighting
 24921 | Spider:1 | HP: 7/193 [redback (4)]
 24922 | Spider:1 | Slain by a tarantella

Illustrated notes

Levels and vault maps discovered:
D:1:      dpeg_arrival_lava_temple_mockup, layout_rooms, serial_shops,
          nicolae_shop_stone, minmay_ruptured
D:2:      layout_basic, serial_shops, shop, chequers_ecumenical_altar_twisty,
          uniq_sigmund, uniq_natasha
D:3:      layout_rooms, minmay_misc_feat_plants, chequers_serial_rivers_micro_b
D:4:      minmay_wonky_spiral, layout_cave_pools, uniq_ijyb,
          uniq_crazy_yiuf_cottage, uniq_pikel, uniq_robin
D:5:      layout_rooms, uniq_blork_the_orc
D:6:      gammafunk_cloud_chamber, layout_basic,
          pdpol_wu_jian_five_deadly_venoms
D:7:      layout_basic, nicolae_overflow_quartered_altars,
          minmay_temple_entry_statues_pillars, nrook_loot_triangle,
          chequers_serial_rivers_micro_e, minmay_diced_spiral
D:8:      layout_layer_cave, uniq_joseph, uniq_maggie, uniq_harold, uniq_maurice
D:9:      layout_rooms, erik_lair_dragon, serial_ice, serial_ice_c,
          serial_ice_m, serial_ice_l, serial_ice_o,
          chequers_serial_rivers_micro_a, hangedman_abyss_or_decor_stagger
D:10:     gammafunk_boulding_lane, layout_long_grid, orc_david_3
Lair:1:   layout_roguey, minivault_25, nicolae_lair_lindhole,
          infiniplex_staircase_pool
Lair:2:   layout_hall_layers, ebering_ghost_rock_garden, serial_bayou_shore_b,
          lemuel_fruit_tree, uniq_urug
Lair:3:   layout_misc_corridors, elwin_shoals_entry_stream, basic_altar,
          eino_small_chamber_without_monster, grunt_megastairs_3
Lair:4:   layout_cellular_growth, spider_nest_entry_web_field, uniq_kirke
Lair:5:   layout_gridlike
Lair:6:   evil_forest, layout_small_grid, dpeg_slime_entry_enclosed_altar
Spider:1: layout_spider_delve
Spider:2: layout_spider_delve
Orc:1:    layout_caves, mines2_david, uniq_erica
Orc:2:    st_orc_pillars, layout_caves, nicolae_volcano_entry_lava_flow

Skill      XL: |  1  2  3  4  5  6  7  8  9 10 11 12 13 14 15 |
---------------+----------------------------------------------+-----
Dodging        | 3 4 5 6 7 8 9 10 11 | 11.0
Unarmed Combat | 3 4 5 6 9 11 12 13 14 15 16 | 16.1
Fighting       | 5 7 9 11 14 16 18 19 20 21 22 23 | 23.0
Armour         | 1 3 4 5 6 7 8 |  8.1
Shields        | 3 4 5 |  5.9
Evocations     | 1 3 4 |  4.5

Action                   |  1- 3 |  4- 6 |  7- 9 | 10-12 | 13-15 || total
-------------------------+-------+-------+-------+-------+-------++-------
Melee: Unarmed           |   109 |   143 |   295 |   518 |  1014 ||  2079
       Punch             |     2 |     1 |    17 |    42 |     1 ||    63
Invok: Berserk           |     1 |     1 |     1 |     7 |    19 ||    29
       Brothers in Arms  |       |       |       |     6 |     3 ||     9
       Trog's Hand       |       |       |       |       |     6 ||     6
Evoke: Wand              |       |       |       |     5 |     3 ||     8
  Use: Scroll            |       |     3 |     1 |     3 |    14 ||    21
       Potion            |       |       |     8 |     9 |     6 ||    23
 Stab: Sleeping          |     3 |     3 |     2 |     2 |       ||    10
       Distracted        |       |       |     1 |       |       ||     1
Armor: Animal skin       |    31 |    39 |    24 |       |       ||    94
       Robe              |       |       |    40 |       |   262 ||   302
       Skin              |       |       |     2 |       |       ||     2
       Steam dragon scal |       |       |    14 |   112 |     1 ||   127
Dodge: Dodged            |    65 |    77 |   153 |   301 |   645 ||  1241
Block: Kite shield       |       |       |       |       |   678 ||   678
       Reflection        |       |       |       |       |     1 ||     1

Table legend: (Time is in decaauts)
 A = Elapsed time spent in this place.
 B = Non-inter-level travel time spent in this place.
 C = Inter-level travel time spent in this place.
 D = Time resting spent in this place.
 E = Time spent auto-exploring this place.
 F = Levels seen in this place.
 G = Mean time per level.
                   A        B        C        D        E       F      G
               +--------+--------+--------+--------+--------+-----+--------+
         Total |  26009 |  25014 |    995 |   3532 |  16223 |  20 | 1300.4 |
       Dungeon |  12584 |  11879 |    705 |    714 |   9307 |  10 | 1258.4 |
          Lair |   7260 |   7061 |    199 |    355 |   4966 |   6 | 1210.0 |
   Spider Nest |   1136 |   1105 |     31 |    241 |    347 |   2 |  568.0 |
  Orcish Mines |   5028 |   4969 |     59 |   2220 |   1603 |   2 | 2514.0 |
               +--------+--------+--------+--------+--------+-----+--------+

Top non-repeatable levels by time:
   Orc:2: 2557 daAuts
   Orc:1: 2470 daAuts
     D:8: 2254 daAuts
     D:9: 1602 daAuts
  Lair:6: 1509 daAuts
  Lair:1: 1490 daAuts
     D:6: 1430 daAuts
     D:2: 1405 daAuts
     D:7: 1360 daAuts
     D:5: 1306 daAuts
  Lair:5: 1199 daAuts
  Lair:3: 1124 daAuts
Spider:1: 1043 daAuts
  Lair:2: 1019 daAuts
  Lair:4: 918 daAuts
